Cogmind - Beta 17.1 *** ADVENTURER MODE // 2026.08.25 @ 12:14:59 Player: Tuja Result: Destroyed by as-06584 with Assembled F-torch Performance ------------- Evolutions (0) 0 Regions Visited (2) 400 Robots Destroyed (17) 85 Value Destroyed (381) 381 Prototype IDs (0) 0 Alien Tech Used (0) 0 Bonus (0) 0 TOTAL SCORE: 866 Bonus ------- None Cogmind --------- Core Integrity 0/250 Matter 242/300 Energy 100/100 System Corruption 0% Temperature Cool (20) Movement Rolling (110) Ox2 Location -10/Mines Parts ------- > --- POWER (1) -------- (None) > --- PROPULSION (2) --- Light Treads Wheel > --- UTILITY (2) ------ Large Storage Unit Improved Light Armor Plating > --- WEAPON (2) ------- Light Assault Rifle Light Assault Rifle > --- INVENTORY (15) --- Light Deuterium Engine Compact Wheel Improved Heat Sink Small Matter Pod (50) Medium Laser Shock Trap Shock Trap Shock Trap Peak State ------------ > --- POWER ------------ Light Ion Engine > --- PROPULSION ------- Light Treads Light Treads > --- UTILITY ---------- Improved Heat Sink Large Storage Unit > --- WEAPON ----------- Small Laser Assault Rifle > --- INVENTORY -------- Light Ion Engine Light Treads Wheel Compact Wheel Small Matter Pod Medium Laser Light Assault Rifle Light Assault Rifle Light Cannon Shock Trap [Rating: 10] Favorites ----------- Power Light Ion Engine Engine Light Ion Engine Propulsion Light Treads Treads Light Treads Wheel Wheel Utility Improved Heat Sink Device Improved Heat Sink Storage Large Storage Unit Protection Improved Light Armor Plating Weapon Assault Rifle Energy Gun Small Laser Ballistic Gun Assault Rifle Ballistic Cannon Light Cannon Build | -11 -10 -10 ------- Run | Yrd Mat Min Slots Evolved . | . . . Power . | . . . Propulsion . | . . . Utility . | . . . Weapon . | . . . Parts Attached 15 | 6 2 7 Power 2 | 1 . 1 Engine 2 | 1 . 1 Core . | . . . Reactor . | . . . Propulsion 4 | 2 . 2 Treads 3 | 2 . 1 Leg . | . . . Wheel 1 | . . 1 Hover . | . . . Flight . | . . . Utility 4 | 1 2 1 Device 1 | . 1 . Storage 2 | 1 1 . Processor . | . . . Hackware . | . . . Protection 1 | . . 1 Artifact . | . . . Weapon 5 | 2 . 3 Energy Gun 1 | 1 . . Energy Cannon . | . . . Ballistic Gun 3 | 1 . 2 Ballistic Cannon 1 | . . 1 Launcher . | . . . Special Weapon . | . . . Impact Weapon . | . . . Slashing Weapon . | . . . Piercing Weapon . | . . . Special Melee Weapon . | . . . Unidentified Prototypes . | . . . Parts Lost 7 | . . 7 Power 2 | . . 2 Propulsion 2 | . . 2 Utility . | . . . Weapon 3 | . . 3 Highest Loss Streak 5 | . . 5 To Critical Strikes . | . . . Average Backups 6 | 1 5 6 Power . | . 1 1 Propulsion 2 | 1 2 2 Utility . | . . 1 Weapon 1 | . 1 2 Tool/Special . | . . . Unused Backups 4 | . . 4 Power 1 | . . 1 Propulsion 1 | . . 1 Utility 1 | . . 1 Weapon 1 | . . 1 Tool/Special . | . . . Average Slot Usage (%) 95 | . 94 95 Engine 12 | . 14 10 Treads 23 | . 28 20 Wheel 3 | . . 6 Device 10 | . 8 12 Storage 14 | . 14 14 Energy Gun 9 | . 14 6 Ballistic Gun 15 | . 14 16 Ballistic Cannon 3 | . . 5 Peak Build Rating 10 | 6 9 10 Average Rating 8 | 4 7 9 On Entrance 5 | . 6 9 Avg Prop Armor Cover (%) 11 | . . 11 Naked Turns . | . . . Heaviest Build 28 | 11 27 28 Greatest Support 40 | 40 40 40 Greatest Overweight (x) 2 | . . 2 Average Overweight (x) . | . . 1 Largest Inventory Capacity 15 | 8 15 15 Average Capacity 11 | 7 8 15 Most Carried 12 | 4 8 12 Average Carried 7 | 2 5 8 Final Capacity 15 | 8 15 15 Final Carried 8 | 4 8 8 Class Distribution -------------------- 89% | Mutant 10% | Scavenger-Mutant Dominant Class ---------------- Mutant | -10/Materials Mutant | -10/Mines Resources | -11 -10 -10 ----------- Run | Yrd Mat Min Matter Collected 553 | 203 205 145 Remotely . | . . . Salvage Created 508 | . 292 216 Parts 39 | . 22 17 Haulers Intercepted 1 | . 1 . Recyclers Shooed . | . . . Parts Field Recycled . | . . . Retrieved Matter . | . . . Parts Self-Destructed . | . . . Prevented . | . . . Parts Restored . | . . . Kills | -11 -10 -10 ------- Run | Yrd Mat Min Combat Hostiles Destroyed 23 | . 8 15 Guns 19 | . 8 11 Cannons 4 | . . 4 Classes Destroyed 5 | . 3 2 Hauler 1 | . 1 . Swarmer 9 | . 3 6 Grunt 5 | . 5 . Demolisher 2 | . . 2 Assembled 7 | . . 7 Best Kill Streak 5 | . 4 5 Combat Bots Only 5 | . 4 5 Max Kills in Single Turn 2 | . 1 2 Gunslinging 1 | . . 1 Exploded . | . . . Melee . | . . . Uniques/NPCs Destroyed . | . . . Combat | -11 -10 -10 -------- Run | Yrd Mat Min Hostile Shots Fired 121 | . 38 83 Missed 26 | . 9 17 Hits 95 | . 29 66 Melee 5 | . . 5 Projectile 90 | . 29 61 AOE 14 | . . 14 Critical Strikes 2 | . . 2 Part Disruptions 1 | . . 1 Damage Taken 1193 | . 271 922 Core 255 | . 60 195 Absorbed by Shields . | . . . Ignored by Resistances 350 | . 80 270 Core Remaining (%) 100 | 100 . . Volleys Fired 76 | . 31 45 Largest 2 | . 2 2 Hottest 60 | . 60 60 Shots Fired 152 | . 62 90 Gun 135 | . 62 73 Cannon 17 | . . 17 Launcher . | . . . Special . | . . . Kinetic 110 | . 31 79 Thermal 42 | . 31 11 Explosive . | . . . Electromagnetic . | . . . Robot Hit Streak 13 | . 13 9 Robot Miss Streak 3 | . 2 3 Penetration Max . | . . . Secondary Targets 3 | . . 3 Max Gunslinging Chain 1 | . . 1 Shots Hit Robots 106 | . 46 60 Core Hits 46 | . 17 29 Critical Kills . | . . . Critical Parts Destroyed . | . . . Critical Strikes . | . . . Melee Attacks . | . . . Impact . | . . . Slashing . | . . . Piercing . | . . . Sneak Attacks . | . . . Combat Hostiles . | . . . Follow-up Attacks . | . . . Damage Inflicted 1218 | . 552 666 Guns 985 | . 546 439 Cannons 227 | . . 227 Explosions . | . . . Melee . | . . . Ramming 6 | . 6 . Kinetic 855 | . 264 591 Thermal 357 | . 282 75 Explosive . | . . . Electromagnetic . | . . . Impact . | . . . Slashing . | . . . Piercing . | . . . Highest Corruption . | . . . Average Corruption . | . . . Corruption Purged . | . . . Corruption Blocked . | . . . Overload Shots . | . . . Overflow Damage . | . . . Projectiles . | . . . Explosions . | . . . Melee . | . . . Knockbacks 5 | . . 5 Impact . | . . . Kinetic 5 | . . 5 Secondary . | . . . Self-Inflicted Damage . | . . . Shots . | . . . Rammed 1 | . 1 . Targets Rammed 1 | . 1 . Kicked . | . . . Crushed . | . . . Highest Temperature 123 | . 123 46 Average Temperature 59 | . 67 19 Received Heat Transfer 339 | . 159 180 Siege Activations . | . . . Martial Activations . | . . . Shielding Activations . | . . . Robots Disrupted . | . . . Combat Hostiles . | . . . Robots Corrupted . | . . . Combat Hostiles . | . . . Parts Fried . | . . . Impact Corruptions . | . . . Robots Melted . | . . . Combat Hostiles . | . . . Parts Melted 2 | . 2 . Heat Transferred 825 | . 650 175 Parts Sabotaged . | . . . Parts Stolen . | . . . Parts Stripped . | . . . Power Chain Reactions . | . . . Alert | -11 -10 -10 ------- Run | Yrd Mat Min Maximum Alert Level . | . . . Low Security (%) 100 | 100 100 100 Level 1 . | . . . Level 2 . | . . . Level 3 . | . . . Level 4 . | . . . Level 5 . | . . . High Security . | . . . Max Security . | . . . Peak Influence 143 | . 143 90 Initial 20 | . . 20 Average 40 | . 71 26 Influence Increases 433 | . 243 190 Destroy 0b10 Robot/C 320 | . 160 160 Destroy 0b10 Robot/NC 5 | . 5 . Destroy Leader 62 | . 32 30 Select Force Hacks 30 | . 30 . Destroy Structure 1 | . 1 . Lose Combat Pursuer 15 | . 15 . Influence Decreases 433 | . 180 253 Entered New Map 43 | . . 43 Time Decay 350 | . 180 170 Lost Part 40 | . . 40 Squads Dispatched 1 | . 1 . Investigation 1 | . 1 . Extermination . | . . . Reinforcement . | . . . Assault . | . . . Garrison . | . . . Intercept . | . . . Searches Triggered . | . . . Construction Impeded . | . . . Haulers Reinforced . | . . . Active Scanning Responses . | . . . Cargo Convoy Interrupts . | . . . Stealth | -11 -10 -10 --------- Run | Yrd Mat Min Distress Signals 2 | . 2 . Communications Jammed . | . . . Distress Signals . | . . . Times Spotted 32 | . 13 19 Peak Tracking Total 4 | . 4 3 Tactical Retreats 1 | . 1 . Traps | -11 -10 -10 ------- Run | Yrd Mat Min Traps Triggered 1 | . 1 . Indirectly . | . . . Trap Hack Attempts . | . . . Triggered . | . . . Disarmed . | . . . Reprogrammed . | . . . Reused . | . . . Traps Extracted . | . . . Installed . | . . . Triggered . | . . . Most Traps Carried 3 | . . 3 Machines | -11 -10 -10 ---------- Run | Yrd Mat Min Machines Disabled . | . . . Max in Single Turn . | . . . Machines Repaired . | . . . Machines Dismantled . | . . . Machines Sabotaged . | . . . Overloaded Fab Kills . | . . . Hacking | -11 -10 -10 --------- Run | Yrd Mat Min Machines Accessed 1 | . 1 . Terminals . | . . . Fabricators . | . . . Repair Stations . | . . . Recycling Units 1 | . 1 . Scanalyzers . | . . . Garrison Access . | . . . Total Hacks 1 | . 1 . Successful 1 | . 1 . Failed . | . . . Catastrophic . | . . . Database Lockouts . | . . . Manual 1 | . 1 . Terminals . | . . . Fabricators . | . . . Repair Stations . | . . . Recycling Units 1 | . 1 . Scanalyzers . | . . . Garrison Access . | . . . Terminal Hacks . | . . . Fabricator Hacks . | . . . Repair Station Hacks . | . . . Recycling Unit Hacks . | . . . Scanalyzer . | . . . Garrison Access Hacks . | . . . Unauthorized Hacks 1 | . 1 . Terminals . | . . . Fabricators . | . . . Repair Stations . | . . . Recycling Units 1 | . 1 . Tunnel 1 | . 1 . Scanalyzers . | . . . Garrison Access . | . . . Data Cores Recovered . | . . . Used . | . . . Hacking Detections . | . . . Full Trace Events . | . . . Feedback Events . | . . . Feedback Blocked . | . . . Robot Schematics Acquired . | . . . Robots Built . | . . . Authchips . | . . . Time . | . . . Total Robot Build Rating . | . . . Part Schematics Acquired . | . . . Parts Built . | . . . Authchips . | . . . Time . | . . . Total Part Build Rating . | . . . Part Studies Acquired . | . . . Parts Repaired . | . . . Time . | . . . Parts Recycled . | . . . Recycled Matter . | . . . Retrieved Matter . | . . . Retrieved Components . | . . . Parts Scanalyzed . | . . . Part Schematics Acquired . | . . . Parts Damaged . | . . . Bothacking | -11 -10 -10 ------------ Run | Yrd Mat Min Used RIF Installer . | . . . Robots Hacked . | . . . Non-combat . | . . . Combat . | . . . Robot Hacks Applied . | . . . Relay Couplers Released . | . . . Fabnet Peak Effective % . | . . . Robots Rewired . | . . . Allies Hacked . | . . . Hacks Repelled . | . . . Allies | -11 -10 -10 -------- Run | Yrd Mat Min Total Allies . | . . . Largest Group . | . . . Highest-Rated Group . | . . . Highest-Rated Ally . | . . . Total Orders . | . . . Ally Attacks . | . . . Total Damage . | . . . Kills . | . . . Allies Corrupted . | . . . Allies Melted . | . . . Intel | -11 -10 -10 ------- Run | Yrd Mat Min Active Infowar (turns) . | . . . Robot Analysis Total . | . . . Derelict Logs Recovered 2 | . . 2 Drone Launches . | . . . Drone Recoveries . | . . . Exploration | -11 -10 -10 ------------- Run | Yrd Mat Min Turns Passed 1005 | 75 370 560 Spaces Moved 512 | 41 163 308 Core 2 | 2 . . Treads 346 | 39 163 144 Legs . | . . . Wheels 164 | . . 164 Hover . | . . . Flight . | . . . Fastest Speed 50 | 50 160 110 Average Speed 144 | 154 160 135 Slowest Speed 240 | 160 160 240 Overloaded Moves . | . . . Propulsion Burnouts . | . . . Robots Hopped . | . . . Potential Cave-ins . | . . . Cave-ins Triggered . | . . . Exploration Rate (%) 30 | 4 24 64 Regions Visited 2 Branch Regions 1 Pre-discovered Areas 2 | . 1 1 Known Exits Taken . | . . . Unknown Exits Taken 2 | 1 1 . Scrap Searched . | . . . Spaces Dug . | . . . Terrain Destroyed . | . . . Melee . | . . . Projectile . | . . . AOE . | . . . Terrain Rammed . | . . . Walls Destroyed . | . . . Machines Disabled . | . . . Actions | -11 -10 -10 --------- Run | Yrd Mat Min Total 630 | 50 210 370 Wait 13 | . 9 4 Move 510 | 40 162 308 Hop . | . . . Pick Up 14 | 4 4 6 Fast Attach 7 | 6 1 . Attach 6 | . . 6 Detach . | . . . Swap 2 | . 1 1 Drop 1 | . 1 . Fire 76 | . 31 45 Melee . | . . . Ram . | . . . Kick . | . . . Crush 1 | . 1 . Escape Stasis . | . . . Rewire . | . . . Trap . | . . . Miscellaneous . | . . . Route ------- -11/Scrapyard -10/Materials -10/Mines (discovered 1 exit: [*Mat]) History --------- Turn | Location | Event 7 | -11/Scrapyard | Discovered new exit (range 15) 76 | -11/Scrapyard | Entered Materials 315 | -10/Materials | Build established: Mutant 343 | -10/Materials | Discovered new exit (range 8) 446 | -10/Materials | Entered Mines 563 | -10/Mines | Learned location of Storage (-7) 589 | -10/Mines | Learned Materials terminal intel 620 | -10/Mines | Found a hidden stash of uninstalled traps 637 | -10/Mines | Discovered new exit (range 7) 673 | -10/Mines | Assembled infested the area 709 | -10/Mines | Core integrity fell below 50% 737 | -10/Mines | Lost 5 parts (1p2n2w) 880 | -10/Mines | Core integrity fell below 20% 1006 | -10/Mines | Destroyed by as-06584 with Assembled F-torch Last Messages --------------- 00905_ Lgt. Cannon destroyed. 00908_ Critical hit (Burn: +80). 00909_ as-79485 destroyed. 00919_ Lgt. Ion Engine destroyed. 00920_ as-54351 destroyed. 00920_ Switching to secondary target: as-48328. 00938_ as-48328 destroyed. 00939_ K-01 Serf collects debris. 00942_ Acquired 13 matter. 00942_ K-01 Serf collects debris. 00945_ Acquired 10 matter. 00947_ K-01 Serf collects debris. 00954_ Acquired 6 matter. 00955_ K-01 Serf cleans the Core Extractor. 00958_ K-01 Serf collects debris. 00985_ Acquired 6 matter. 00986_ K-01 Serf collects debris. 00987_ Acquired 4 matter. 00990_ K-01 Serf collects debris. 01002_ K-01 Serf destroyed. Map ----- +----------------------------------------------------+ | ??????????????????????????????????????????? | | ??????????????????????????????????????????? | | ??????????????????????????????????????????? | | ??????????????????????????????????????????? | | ??????????????????????????????????????????? | | ??????????????????????????????????????????? | | ??????????????????????????????????????????? | | ??????????????????????????????????????????? | | ??????????????????????????????????????????? | | ???????????????????????????????????????# ## | | ?????????????????#?????????????????????# | | ????????????????# ?????????????????????#### | | ????????????#### ????????????????????????? | | ????????????# ????????????????????????? | | ????????????# ????????????????????????# | | ????????????+ ???????????????????????## | | ????????????? ???????????????????????# | | ????????????? ??????????????????????## | | ????????????? % ???????????????????#### | | ?????????????? ??????????????????## | | ?????????????? #??????####????????# | | ????????####??# ######## ##???????# | | ???????## #?# ## ## ##??????## ## | | ???????# ## %# ###?????####?? | | ????????# # # ##?????????? | | ?????????# #@ #?????????? | | ?????????## a #????????## | | ??????????# % a """ #???????## | | ??????????# % *%= """ #???????# | | ??????????# """ ##??????## | | ??????????### ##??????# | | ????????????## ###u #####?## | | ?????????????## ##?# # ### | | ??????????????# ####??# ## | | ??????????????# ##?????# #### | | ?????????????# #??????#++#??## | | ?????????????# ##??????# ???# ## | | ?????????????# #????????####???# ##? | | ?????????????###????????????????## #?? | | ?????????????????????????????????## #?? | | ??????????????????????????????????# #?? | | ?????????????????????????????????## #?? | | ??????????????????????????????#### ##?? | | ??????????????????????????????# ##??? | | ??????????????????????????????## ###???? | | ???????????????????????????????######?????? | | ??????????????????????????????????????????? | | ??????????????????????????????????????????? | | | | | +----------------------------------------------------+ Best States ------------- Heat Dissipation 39 Energy Generation 10 Energy Capacity 125 Matter Stores 300 Matter Capacity 300 Sight Range 16 Terrain Scan Density 10 Armor Coverage 150 Resistance: KI 20 Resistance: TH 20 Resistance: EX 20 Resistance: EM 20 Resistance: I 20 Resistance: S 20 Resistance: P 20 Evasion (%) 40 Recoil Reduction 2 Offensive Hacking 10 Item Schematics ----------------- None Robot Schematics ------------------ None Fabricated ------------ Nothing Repaired ---------- Nothing Studied --------- None Alien Tech Used ----------------- None Achievements -------------- None Challenges ------------ None Game ------ Seed PersonalPlexusCompressor Manual? 0 Play Time 00:10:28 Cumulative 334.8 hours Start 2026.08.25 @ 12:06:33 End 2026.08.25 @ 12:14:59 Sessions 1 Manual Loads 0 Difficulty Adventurer Special Mode None Game No. 106 Rogue 75 Adventurer 31 Explorer 0 Win Type - Total 19 Types 12/1/3/1/1/0/0/0/0/1 Lore% 78 Gallery% 68 Achievement% 62 Wizard Run 0 Options --------- Layout 1 ASCII 0 Keyboard 0 Movement Numpad Keybinds 1 Fullscreen 1 Font 24/Smallcaps Map View 50x35 Zoom Use 0% Tactical HUD 1 Map Filters NONE Filters NONE Steam 1 RUN: 30146a51-092c-4558-8447-9cdc2d6361af